 Dungeon Crawl Stone Soup version 0.20-a0-303-g575bbf7 (webtiles) character file.

3023 Faca the Cleaver (level 10, -2/77 HPs)
             Began as a Formicid Fighter on Dec 16, 2016.
             Was an Initiate of Okawaru.
             Slain by a gnoll
             ... wielding a +0 spear
              (3 damage)
             ... while paralysed
             ... on level 8 of the Dungeon.
             The game lasted 00:28:09 (7598 turns).

Faca the Cleaver (Formicid Fighter)                 Turns: 7598, Time: 00:28:10

Health: -2/77      AC: 17    Str: 25    XL:     10   Next: 10%
Magic:  10/10      EV:  2    Int:  9    God:    Okawaru [......]
Gold:   566        SH:  0    Dex: 13    Spells: 9/9 levels left

rFire  . . .     SeeInvis +     a - +1 war axe
rCold  . . .     Gourm    .     o - +0 plate armour
rNeg   . . .     Faith    .     c - +1 shield
rPois  +         Spirit   .     (helmet unavailable)
rElec  .         Reflect  .     w - +0 cloak
rCorr  .         Harm     .     (no gloves)
MR     +....                    v - +0 pair of boots
Stlth  ..........               (no amulet)
                                j - ring of poison resistance
                                k - +2 ring of protection

@: paralysed, mighty, fainting
A: permanent stasis, dig shafts and tunnels, four strong arms, antennae 3,
hooves 1
a: Dig, Shaft Self, Renounce Religion


You were on level 8 of the Dungeon.
You worshipped Okawaru.
Okawaru was noncommittal.
You were fainting.

You visited 2 branches of the dungeon, and saw 9 of its levels.
You also visited: Sewer.

You collected 566 gold pieces.

Inventory:

Hand Weapons
 a - a +1 war axe (weapon)
Armour
 c - a +1 shield (worn)
 o - a +0 plate armour (worn)
 v - a +0 pair of boots (worn)
 w - a +0 cloak (worn)
Jewellery
 j - a ring of poison resistance (right hand)
 k - a +2 ring of protection (left hand)
 q - an uncursed ring of protection from fire
Wands
 s - a wand of slowing (48/48)
Scrolls
 f - a scroll of recharging
 h - a scroll of enchant armour
 i - 2 scrolls of remove curse
 m - 2 scrolls of identify
 r - 3 scrolls of enchant weapon
Potions
 b - 2 potions of lignification
 d - 3 potions of might
 e - a potion of agility
 g - 6 potions of curing
 l - 4 potions of heal wounds
 n - 2 potions of cure mutation
 p - a potion of cancellation
 t - a potion of brilliance
 u - 3 potions of magic


   Skills:
 + Level 6.6 Fighting
 + Level 9.0 Axes
 + Level 7.0 Armour
 + Level 2.0 Dodging
 + Level 8.1 Shields


You had 9 spell levels left.
You didn't know any spells.

Dungeon Overview and Level Annotations

Branches:
Dungeon (8/15)             Temple (1/1) D:7
   Lair: D:8-11

Altars:
Cheibriados
Dithmenos
Fedhas
Gozag
Hepliaklqana
Kikubaaqudgha
Makhleb
Nemelex Xobeh
Okawaru
Qazlal
Ru
Sif Muna
Trog
Uskayaw
Vehumet
Xom
Yredelemnul
Lugonu


Innate Abilities, Weirdness & Mutations

You cannot be hasted, slowed, berserked, paralysed or teleported.
You can dig through walls and to a lower floor.
Your four strong arms can wield two-handed weapons with a shield.
You have a pair of large antennae on your head. (SInv)
You have large cloven feet.


Message History

The orc priest hits you but does no damage.
The gnoll hits you but does no damage. x3
The orc priest hits you with a dagger.
The gnoll hits you but does no damage. x2
The gnoll hits you from afar with a halberd!
The orc priest hits you but does no damage.
The gnoll hits you but does no damage. x2
The orc priest invokes the aid of Beogh against you.
Beogh smites you!
* * * LOW HITPOINT WARNING * * *
The gnoll completely misses you.
The gnoll hits you from afar with a spear.
* * * LOW HITPOINT WARNING * * *
The gnoll hits you from afar with a spear.
* * * LOW HITPOINT WARNING * * *
The orc priest looks satisfied for a moment.
The gnoll hits you from afar with a halberd.
* * * LOW HITPOINT WARNING * * *
The gnoll hits you but does no damage.
The gnoll hits you from afar with a spear.
You die...

......# ...
.$...$. ...
....... ..#
{ .......
..# $..%..g
..# .....gg
..#
....ogo#..#
{{#@.#
{#..# #..#
# #..# #
##..# #
#..## .#
#..# ##
#..# # ##
##..#


You could see an orc priest, 4 gnolls and an orc.

Vanquished Creatures
  2 hungry ghosts
  2 orc warriors
  A black bear (D:6)
  2 ice beasts (D:6)
  A sky beast (D:8)
  4 ogres
  5 bullfrogs
  A gnoll sergeant (D:8)
  A scorpion (D:4)
  4 howler monkeys (D:7)
  A crimson imp (D:5)
  5 hounds
  Crazy Yiuf (D:7)
  8 orc wizards
  A jelly (D:5)
  3 orc priests
  A bullfrog skeleton (D:6)
  4 iguanas
  3 worker ants
  A hound zombie (D:5)
  A hound skeleton (D:5)
  13 gnolls
  15 adders
  8 river rats
  2 shadow imps
  An ooze (D:1)
  An adder skeleton (D:5)
  2 worms (D:2)
  5 leopard geckos
  22 orcs
  5 bats
  5 giant cockroaches
  9 goblins
  8 hobgoblins
  22 jackals
  A quokka (D:6)
  5 ball pythons
  15 frilled lizards
  11 kobolds
  A quokka skeleton (D:5)
  A quokka zombie (D:8)
  17 rats
221 creatures vanquished.

Notes
Turn   | Place    | Note
-------+----------+-------------------------------------------
     0 | D:1      | Faca the Formicid Fighter began the quest for the Orb.
     0 | D:1      | Reached XP level 1. HP: 18/18 MP: 1/1
   135 | D:1      | Reached XP level 2. HP: 24/24 MP: 2/2
   287 | D:1      | Reached XP level 3. HP: 28/29 MP: 3/3
   706 | D:2      | Reached XP level 4. HP: 33/37 MP: 4/4
  1001 | D:2      | Reached skill level 3 in Axes
  1349 | D:2      | Reached XP level 5. HP: 22/42 MP: 5/5
  1992 | D:3      | Found a basalt altar of Yredelemnul.
  1992 | D:3      | Found a shimmering altar of Xom.
  2004 | D:3      | Reached skill level 1 in Dodging
  2010 | D:3      | Reached XP level 6. HP: 27/48 MP: 6/6
  2241 | D:3      | Reached skill level 4 in Axes
  2618 | D:3      | Gained mutation: You have large cloven feet. [potion of beneficial mutation]
  2653 | D:3      | Found an ancient bone altar of Kikubaaqudgha.
  2982 | D:4      | Reached skill level 5 in Shields
  3040 | D:4      | Reached XP level 7. HP: 50/54 MP: 7/7
  3412 | D:4      | Reached skill level 5 in Axes
  3581 | D:5      | Entered Level 5 of the Dungeon
  3609 | D:5      | Reached skill level 5 in Armour
  3734 | D:5      | Found a radiant altar of Vehumet.
  3738 | D:5      | Reached XP level 8. HP: 32/61 MP: 8/8
  3970 | D:5      | Found a burning altar of Makhleb.
  4364 | D:6      | Reached skill level 6 in Axes
  4432 | D:6      | Reached skill level 5 in Fighting
  4682 | D:6      | Found a glowing drain.
  4700 | Sewer    | Entered a sewer
  5470 | D:6      | Reached XP level 9. HP: 68/68 MP: 9/9
  5520 | D:6      | Reached skill level 7 in Axes
  5878 | D:6      | Found a bloodstained altar of Trog.
  5878 | D:6      | Found a sparkling altar of Nemelex Xobeh.
  5995 | D:7      | Found a hazy altar of Hepliaklqana.
  6342 | D:7      | Reached skill level 8 in Axes
  6509 | D:7      | Found a runed door.
  6513 | D:7      | Noticed Crazy Yiuf
  6518 | D:7      | Killed Crazy Yiuf
  6760 | D:7      | Found a staircase to the Ecumenical Temple.
  6929 | Temple   | Entered the Ecumenical Temple
  6954 | Temple   | Became a worshipper of Warmaster Okawaru
  7212 | D:8      | Found a sacrificial altar of Ru.
  7212 | D:8      | Found a shadowy altar of Dithmenos.
  7495 | D:8      | Reached XP level 10. HP: 77/77 MP: 10/10
  7540 | D:8      | Paralysed by fainting for 12 turns
  7590 | D:8      | Reached skill level 9 in Axes
  7594 | D:8      | Paralysed by fainting for 11 turns
  7598 | D:8      | HP: 1/77 [gnoll/halberd (3)]
  7598 | D:8      | Slain by a gnoll

Vault maps used:
D:1:      scummos_arrival_checkerplants
D:3:      nicolae_overflow_hidden_temple,
          chequers_temple_overflow_statue_of_worship
D:5:      vehumet_crystals, first_bread, makhleb_heckhound_becter
D:6:      gammafunk_temple_overflow_pools, portal_sewer_entry_e
D:7:      overflow_temple_1_default, uniq_crazy_yiuf_cottage
D:8:      amethyst_overflow_temple_binary, nicolae_ossuary_entry_catacombs
Temple:   corrupted_temple
Sewer:    sewer_co_cracked_pipes

Skill      XL: |  1  2  3  4  5  6  7  8  9 10 |
---------------+-------------------------------+-----
Shields        | 4 5 6 7 8 |  8.1
Armour         | 4 5 6 7 |  7.0
Axes           | 3 4 5 6 8 9 |  9.0
Dodging        | 1 2 |  2.0
Fighting       | 4 5 6 |  6.6

Action                   |  1- 3 |  4- 6 |  7- 9 | 10-12 || total
-------------------------+-------+-------+-------+-------++-------
Melee: War axe           |   101 |   251 |   558 |    24 ||   934
       Kick              |       |    10 |   143 |       ||   153
 Abil: Dig               |       |       |     5 |       ||     5
  Use: Scroll            |     5 |     7 |    11 |       ||    23
       Potion            |       |     3 |       |     1 ||     4
 Stab: Confused          |       |       |     1 |       ||     1
  Eat: Chunk             |       |     1 |     5 |       ||     6
       Meat ration       |       |     1 |     1 |       ||     2
       Bread ration      |       |     1 |     3 |       ||     4
       Royal jelly       |       |       |     1 |       ||     1
       Beef jerky        |       |       |     1 |       ||     1
Armor: Scale mail        |    47 |    97 |       |       ||   144
       Chain mail        |       |    55 |     3 |       ||    58
       Plate armour      |       |       |   266 |    41 ||   307
Dodge: Dodged            |    31 |   103 |   111 |    19 ||   264
Block: Shield            |    56 |   187 |   296 |    33 ||   572
